 Dungeon Crawl Stone Soup version 0.30-a0-793-g160f7cfddd (webtiles) character file.

Game seed: 11465721257142851345

63 pokeman the Magician (level 3, -5/20 HPs)
             Began as a Deep Elf Hedge Wizard on Feb 19, 2023.
             Slain by a gnoll
             ... wielding a +0 whip
              (7 damage)
             ... on level 2 of the Dungeon.
             The game lasted 00:03:16 (1546 turns).

pokeman the Magician (Deep Elf Hedge Wizard)        Turns: 1546, Time: 00:03:17

Health: -5/20      AC:  2    Str:  9    XL:     3   Next: 87%
Magic:  1/11       EV: 12    Int: 20    God:
Gold:   79         SH:  0    Dex: 14    Spells: 4/12 levels left

rFire   . . .      SeeInvis .    i - +1 short sword "Ovvelun" {freeze, Str+2}
rCold   . . .      Faith    .    (no shield)
rNeg    . . .      Spirit   .    b - +0 robe
rPois   .          Reflect  .    c - +0 hat
rElec   .          Harm     .    (no cloak)
rCorr   .          Rampage  .    (no gloves)
Will    .....                    (no boots)
Stlth   ++                       (no amulet)
HPRegen 0.23/turn                (no ring)
MPRegen 0.12/turn                (no ring)

@: no status effects
A: no striking features
a: no special abilities


You were on level 2 of the Dungeon.
You visited 1 branch of the dungeon, and saw 2 of its levels.

You collected 79 gold pieces.

Inventory:

Hand Weapons
 i - the +1 short sword "Ovvelun" (weapon) {freeze, Str+2}
   (You found it on level 2 of the Dungeon)

   Str:       It affects your strength (+2).
Armour
 b - a +0 robe (worn)
 c - a +0 hat (worn)
Scrolls
 a - a scroll of noise {unknown}
 e - 3 scrolls of identify {unknown}
 g - a scroll of torment {unknown}
Potions
 d - a potion of magic
 f - a potion of curing {unknown}
 h - a potion of brilliance {unknown}


   Skills:
 + Level 1.0 Fighting
 + Level 1.0 Armour
 - Level 2.4 Dodging
 - Level 2.4 Stealth
 * Level 5.4 Spellcasting
 + Level 2.0 Conjurations
 - Level 1.1 Summonings
 - Level 1.1 Translocations


You had 4 spell levels left.
You knew the following spells:

 Your Spells              Type           Power      Damage    Failure   Level
a - Magic Dart            Conj           52%        1d5       4%          1
b - Mephitic Cloud        Conj/Pois/Air  8%         N/A       26%         3
c - Call Imp              Summ           9%         N/A       11%         2
d - Blink                 Tloc           18%        N/A       11%         2

Your spell library contained the following spells:

 Spells                   Type           Power      Damage    Failure   Level
 Kiss of Death            Conj/Necr      36%        2d8       8%          1
 Slow                     Hex            20%        N/A       11%         1
 Cigotuvi's Dreadful Rot  Necr/Pois/Air  10%        N/A       17%         2
 Confusing Touch          Hex            5%         N/A       32%         3
 Dispel Undead            Necr           5%         3d7       73%         4


Dungeon Overview and Level Annotations

Branches:
Dungeon (2/15)

Altars:


Message History

You strike the helpless gnoll from behind!
You hit the gnoll. You freeze the gnoll.
The gnoll is severely wounded.
The gnoll barely misses you.
The gnoll hits itself with a +0 club!
The gnoll is killed!
Your Conjurations skill increases to level 2!
You swap places.
Your crimson imp blinks!
Casting: Mephitic Cloud (extremely dangerous; 26% risk of failure)
Confirm with . or Enter, or press ? or * to list all spells.
The spell is extremely dangerous to miscast (26% risk of failure)!
Continue anyway?
Aiming: Mephitic Cloud (extremely dangerous; 26% risk of failure)
Press: ? - help, Shift-Dir - straight line, f - gnoll
Aim: a gnoll, wielding a +0 whip (ally target, chance to affect: 91%)
You miscast Mephitic Cloud.
You are very lightly contaminated with residual magic.
Nothing appears to happen.
Your crimson imp disappears in a puff of smoke!
The gnoll attacks as you move away! The gnoll closely misses you.
The gnoll attacks as you move away! The gnoll hits you with a +0 whip.
The gnoll attacks as you move away! The gnoll hits you with a +0 whip!
* * * LOW HITPOINT WARNING * * *
Your magical contamination has completely faded away.
Casting: Mephitic Cloud (extremely dangerous; 26% risk of failure)
Confirm with . or Enter, or press ? or * to list all spells.
You blink.
A worm comes into view.
You feel stable enough to blink again.
You barely miss the ball python. The ball python closely misses you. x2
You barely miss the ball python. The ball python bites you.
* * * LOW HITPOINT WARNING * * *
The ball python barely misses you. The ball python bites you.
* * * LOW HITPOINT WARNING * * *
The ball python closely misses you.
You hit the ball python. You freeze the ball python.
You kill the ball python!
The gnoll attacks as you move away! The gnoll closely misses you.
The gnoll attacks as you move away! The gnoll hits you with a +0 whip!
You die...

########## #.#......@.#
#.#.######g# ##+#.#.######.#
#....#......#.#
#.#.#.......#...#.#
#.#.#......##...#.#
#.#.##.#...##...#.#
..#.##.#........#.############
.....#.#..###.#.#.w.....w)...#


You could see a gnoll.

Vanquished Creatures
  3 gnolls
  5 ball pythons
  A bat (D:1)
  4 endoplasms
  3 giant cockroaches (D:1)
  5 goblins (D:1)
  4 hobgoblins
  A quokka (D:1)
  3 frilled lizards (D:1)
  A rat (D:1)
30 creatures vanquished.

Notes
Turn   | Place    | Note
-------+----------+-------------------------------------------
     0 | D:1      | pokeman the Deep Elf Hedge Wizard began the quest for the
                  | Orb.
     0 | D:1      | Reached XP level 1. HP: 10/10 MP: 7/7
   442 | D:1      | Reached XP level 2. HP: 15/15 MP: 6/9
   562 | D:1      | Reached skill level 5 in Spellcasting
   787 | D:1      | Reached XP level 3. HP: 20/20 MP: 7/11
   792 | D:1      | Learned a level 3 spell: Mephitic Cloud
   795 | D:1      | Learned a level 2 spell: Call Imp
   798 | D:1      | Learned a level 2 spell: Blink
  1337 | D:2      | Identified the +1 short sword "Ovvelun" {freeze, Str+2}
  1504 | D:2      | Reached skill level 1 in Fighting
  1504 | D:2      | Reached skill level 1 in Armour
  1546 | D:2      | Slain by a gnoll

Illustrated notes

Levels and vault maps discovered:
D:1:      heliophobic_arrival_dark_side_of_the_moon, layout_basic,
          grunt_decor_fettered
D:2:      layout_basic, basic_altar

Skill      XL: |  1  2  3 |
---------------+----------+-----
Spellcasting   | 5 |  5.4
Fighting       | 1 |  1.0
Armour         | 1 |  1.0
Conjurations   | 2 |  2.0
Dodging        | |  2.4
Stealth        | |  2.4
Summonings     | |  1.1
Translocations | |  1.1

Action                     || total
---------------------------++-------
  Melee: Short sword       ||    12
   Cast: Magic Dart        ||    74
         Mephitic Cloud    ||     2
         Blink             ||     1
         Call Imp          ||     1
   Stab: Confused          ||     3
 Armour: Robe              ||     2
  Dodge: Dodged            ||    21

Table legend: (Time is in decaauts)
 A = Elapsed time spent in this place.
 B = Non-inter-level travel time spent in this place.
 C = Inter-level travel time spent in this place.
 D = Time resting spent in this place.
 E = Time spent auto-exploring this place.
 F = Levels seen in this place.
 G = Mean time per level.
                   A        B        C        D        E       F      G
               +--------+--------+--------+--------+--------+-----+--------+
         Total |   1545 |   1522 |     23 |      0 |   1329 |   2 |  772.5 |
       Dungeon |   1545 |   1522 |     23 |      0 |   1329 |   2 |  772.5 |
               +--------+--------+--------+--------+--------+-----+--------+

Top non-repeatable levels by time:
     D:1: 1333 daAuts
     D:2: 212 daAuts
